 Dungeon Crawl Stone Soup version 0.31-a0-542-gdc2a67831c (console) character file.

Game seed: 427894439618809199

525 Lexodia the Cudgeller (level 7, -4/66 HPs)
             Began as an Ogre Gladiator on Aug 14, 2023.
             Was a Follower of Okawaru.
             Slain by an ogre
             ... wielding a +0 giant club
              (24 damage)
             ... on level 5 of the Dungeon.
             The game lasted 00:06:28 (4357 turns).

Lexodia the Cudgeller (Ogre Gladiator)              Turns: 4357, Time: 00:06:29

Health: -4/66      AC:  3    Str: 21    XL:     7   Next: 22%
Magic:  16/16      EV: 10    Int: 12    God:    Okawaru [*.....]
Gold:   236        SH:  0    Dex: 13    Spells: 6/6 levels left

rFire   + . .        w - +10 hammer {holy, rF+ Int+3 Dex+3}
rCold   . . .        (no shield)
rNeg    . . .        b - +0 robe
rPois   .            c - +0 hat
rElec   .            v - scarf {harm}
rCorr   .            (gloves unavailable)
SInv    +            (boots unavailable)
Will    .....        (no amulet)
Stlth   +            q - ring of magical power
HPRegen 0.31/turn    s - ring of see invisible
MPRegen 0.15/turn

%: harm (+30% outgoing, +20% incoming)
@: no status effects
A: large, unfitting armour, tough skin 1
a: Renounce Religion, Heroism


You were on level 5 of the Dungeon.
You worshipped Okawaru.
Okawaru was aware of your devotion.
You visited 2 branches of the dungeon, and saw 6 of its levels.

You collected 236 gold pieces.

Inventory:

Hand Weapons
 a - a +0 flail
 n - a +0 whip of electrocution
 w - the +10 hammer of In Flagrante Delicto (weapon) {holy, rF+ Int+3 Dex+3}
   (You found it on level 4 of the Dungeon)

   Int+3:     It affects your intelligence (+3).
   Dex+3:     It affects your dexterity (+3).
   rF+:       It protects you from fire.
Missiles
 d - 3 throwing nets (quivered)
 e - a large rock
 i - 44 stones
 t - 13 poisoned darts
Armour
 b - a +0 robe (worn)
 c - a +0 hat (worn)
 v - a scarf of harm (worn)
Jewellery
 q - a ring of magical power (left hand)
 s - a ring of see invisible (right hand)
Wands
 u - a wand of iceblast (14)
 y - a wand of mindburst (14)
Scrolls
 g - 3 scrolls of identify {unknown}
 h - 5 scrolls of teleportation {unknown}
 j - a scroll of amnesia {unknown}
 m - 2 scrolls of immolation {unknown}
 o - 2 scrolls of revelation {unknown}
 p - a scroll of enchant weapon {unknown}
Potions
 f - a potion of berserk rage {unknown}
 k - 3 potions of curing {unknown}
 l - 3 potions of haste {unknown}
 r - a potion of resistance {unknown}
 x - a potion of ambrosia {unknown}


   Skills:
 - Level 2.6 Fighting
 + Level 7.3 Maces & Flails
 - Level 2.0 Throwing
 - Level 2.6 Dodging
 + Level 0.0 Invocations


You had 6 spell levels left.
You didn't know any spells.
Your spell library contained the following spells:

 Spells                   Type           Power      Damage    Failure   Level
 Sandblast                Erth           0%         2d4       32%         1
 Passwall                 Tmut/Erth      0%         N/A       45%         2
 Stone Arrow              Conj/Erth      0%         3d7       69%         3


Dungeon Overview and Level Annotations

Branches:
Dungeon (5/15)             Temple (1/1) D:4

Altars:
Ashenzari
Dithmenos
Fedhas
Gozag
Hepliaklqana
Okawaru
Qazlal
Ru
Sif Muna
Trog
Vehumet
Wu Jian
Yredelemnul
The Shining One

Annotations:
D:4 2 transporters, AdnanSaban's ghost, amateur GrFi


Innate Abilities, Weirdness & Mutations

You are too large for most types of armour.
You have tough skin. (AC +1)


Message History

Damage: -1%(-1hp) hp: 99%(65hp)
You completely miss the orc.
The orc is severely wounded.
The orc hits you with a +0 club.
Damage: -2%(-1hp) hp: 97%(64hp)
You sock the orc!
You kill the orc!
Okawaru accepts your kill.
You sock the ogre!
The ogre is heavily wounded.
The ogre barely misses you.
You barely miss the ogre.
The ogre is heavily wounded.
You sock the ogre!
The ogre is severely wounded.
The ogre hits you with a +0 giant club!
Huge Dmg: -23%(-15hp) hp: 76%(50hp)
You completely miss the ogre.
The ogre is severely wounded.
The ogre barely misses you.
You bludgeon the ogre!!
You kill the ogre!
Okawaru accepts your kill.
You can now gain great but temporary skills.
An orc is nearby!
An ogre comes into view. It is wielding a +0 giant club.
The ogre moves out of view.
The ogre shouts!
You sock the orc!
You kill the orc!
Okawaru accepts your kill.
You sock the ogre!
The ogre is severely wounded.
The ogre hits you with a +0 giant club!!
Ouch! That really hurt!
Huge Dmg: -56%(-37hp) hp: 31%(20hp)
You hit the ogre.
The ogre is almost dead.
The ogre hits you with a +0 giant club!!
You die...

#......# ..# #.##...#
#..# #......# ...#
#.#....####..##
#......#......#
#.............#
#...........#.#####
#<......O@..#......
###.#....)....#######
#..#.....))......
#..######.######
...........#
............# #
#..##....######## #..
#............
#..##....########


You could see an ogre.

Vanquished Creatures
  A water moccasin (D:5)
  2 ogres
  2 hounds
  Crazy Yiuf (D:4)
  A sleepcap (D:4)
  An iguana (D:5)
  4 adders
  4 worms
  2 dart slugs
  4 orcs
  4 bats (D:1)
  4 endoplasms
  2 giant cockroaches
  2 hobgoblins
  4 jackals (D:4)
  3 quokkas
  2 ball pythons
  3 frilled lizards
  8 goblins
  8 kobolds
  3 rats (D:1)
65 creatures vanquished.

Notes
Turn   | Place    | Note
-------+----------+-------------------------------------------
     0 | D:1      | Lexodia the Ogre Gladiator began the quest for the Orb.
     0 | D:1      | Reached XP level 1. HP: 22/22 MP: 1/1
   183 | D:1      | Reached skill level 3 in Maces & Flails
   227 | D:1      | Huge Dmg: 5 dmg
   230 | D:1      | Reached XP level 2. HP: 22/29 MP: 2/2
  1004 | D:2      | Reached XP level 3. HP: 36/36 MP: 3/3
  1167 | D:2      | Reached skill level 4 in Maces & Flails
  1243 | D:2      | Huge Dmg: 11 dmg
  1895 | D:3      | Reached XP level 4. HP: 44/44 MP: 4/4
  2131 | D:3      | Found a hazy altar of Hepliaklqana.
  2139 | D:3      | Found a shimmering blue altar of Sif Muna.
  2529 | D:4      | Huge Dmg: 11 dmg
  2536 | D:4      | Huge Dmg: 13 dmg
  2538 | D:4      | Huge Dmg: 4 dmg
  2733 | D:4      | Reached skill level 5 in Maces & Flails
  2831 | D:4      | Found a transporter.
  2833 | D:4      | Noticed an ogre
  2833 | D:4      | Identified the +2 giant spiked club of the Maze {venom,
                  | MP+9}
  2833 | D:4      | Noticed an ogre
  2833 | D:4      | Noticed AdnanSaban's ghost (amateur GrFi)
  2835 | D:4      | Noticed an ogre
  2840 | D:4      | Found a transporter.
  2893 | D:4      | Reached XP level 5. HP: 49/50 MP: 5/5
  2900 | D:4      | Huge Dmg: 11 dmg
  3071 | D:4      | Found a staircase to the Ecumenical Temple.
  3080 | Temple   | Entered the Ecumenical Temple
  3086 | Temple   | Became a worshipper of Warmaster Okawaru
  3130 | D:4      | Found a runed translucent door.
  3131 | D:4      | Noticed Crazy Yiuf
  3144 | D:4      | Noticed an ogre
  3154 | D:4      | Killed an ogre
  3176 | D:4      | Huge Dmg: 12 dmg
  3182 | D:4      | Huge Dmg: 7 dmg
  3797 | D:4      | Huge Dmg: 15 dmg
  3798 | D:4      | Huge Dmg: 9 dmg
  3799 | D:4      | Huge Dmg: 12 dmg
  3800 | D:4      | Huge Dmg: 7 dmg
  3802 | D:4      | Killed Crazy Yiuf
  3803 | D:4      | Reached skill level 6 in Maces & Flails
  3803 | D:4      | Reached XP level 6. HP: 9/59 MP: 6/6
  3807 | D:4      | Identified the +10 hammer of In Flagrante Delicto {holy,
                  | rF+ Int+3 Dex+3}
  4070 | D:5      | Entered Level 5 of the Dungeon
  4233 | D:5      | Noticed a water moccasin
  4240 | D:5      | Killed a water moccasin
  4299 | D:5      | Reached skill level 7 in Maces & Flails
  4299 | D:5      | Reached XP level 7. HP: 66/66 MP: 7/7
  4331 | D:5      | Huge Dmg: 15 dmg
  4332 | D:5      | Reached * piety under Okawaru
  4357 | D:5      | Huge Dmg: 37 dmg
  4357 | D:5      | Slain by an ogre

Illustrated notes

Levels and vault maps discovered:
D:1:      elethiomel_arrival_infinity_welcomes_careful_drivers, layout_basic
D:2:      layout_loops_ring
D:3:      layout_rooms, minitemple, chequers_decorated_corner
D:4:      layout_loops_corners, minmay_temple_entry_steel_oval,
          gammafunk_ghost_smash, nicolae_the_louvre, uniq_crazy_yiuf_cottage
D:5:      layout_basic, lemuel_crystal_altar
Temple:   chequers_temple_sunken

Skill      XL: |  1  2  3  4  5  6 |
---------------+-------------------+-----
Maces & Flails | 3 4 5 6 7 |  7.3
Fighting       | |  2.6
Throwing       | |  2.0
Dodging        | |  2.6

Action                     |  1- 3 |  4- 6 |  7- 9 || total
---------------------------+-------+-------+-------++-------
  Melee: Flail             |    87 |       |       ||    87
         Whip              |    17 |   105 |       ||   122
         Punch             |       |     3 |       ||     3
         Mace              |       |    11 |    12 ||    23
  Throw: Dart              |       |     3 |       ||     3
         Throwing net      |       |     3 |       ||     3
   Stab: Sleeping          |     2 |     1 |       ||     3
         Distracted        |       |       |     1 ||     1
 Armour: Robe              |    57 |    13 |       ||    70
  Dodge: Dodged            |    75 |    40 |     2 ||   117

Table legend: (Time is in decaauts)
 A = Elapsed time spent in this place.
 B = Non-inter-level travel time spent in this place.
 C = Inter-level travel time spent in this place.
 D = Time resting spent in this place.
 E = Time spent auto-exploring this place.
 F = Levels seen in this place.
 G = Mean time per level.
                   A        B        C        D        E       F      G
               +--------+--------+--------+--------+--------+-----+--------+
         Total |   4362 |   3904 |    458 |    103 |   3167 |   6 |  727.0 |
       Dungeon |   4349 |   3901 |    448 |    103 |   3167 |   5 |  869.8 |
        Temple |     12 |      2 |     10 |      0 |      0 |   1 |   12.0 |
               +--------+--------+--------+--------+--------+-----+--------+

Top non-repeatable levels by time:
     D:4: 1629 daAuts
     D:1: 974 daAuts
     D:2: 911 daAuts
     D:3: 613 daAuts
     D:5: 220 daAuts
  Temple: 12 daAuts
